 Dungeon Crawl Stone Soup version 0.28.0 (webtiles) character file.

Game seed: 13355624425110494157

115 issech the Cudgeller (level 4, -3/45 HPs)
             Began as a Troll Monk on Feb 18, 2022.
             Killed from afar by Sigmund (5 damage)
             ... with a magic dart
             ... on level 3 of the Dungeon.
             The game lasted 00:06:39 (1778 turns).

issech the Cudgeller (Troll Monk)                   Turns: 1778, Time: 00:06:39

Health: -3/45      AC:  4    Str: 19    XL:     4   Next: 68%
Magic:  3/3        EV: 10    Int:  6    God:
Gold:   51         SH:  0    Dex: 14    Spells: 3/3 levels left

rFire   . . .      SeeInvis .   a - +0 mace
rCold   . . .      Faith    .   (no shield)
rNeg    . . .      Spirit   .   b - +0 robe
rPois   .          Reflect  .   (helmet restricted)
rElec   .          Harm     .   (no cloak)
rCorr   .          Rampage  .   (gloves unavailable)
Will    .....                   (boots unavailable)
Stlth   +.........              (no amulet)
HPRegen 0.95/turn               (no ring)
MPRegen 0.08/turn               (no ring)

@: confused
A: large, unfitting armour, claws 3, regeneration 1, shaggy fur 1, tough skin 1
a: no special abilities


You were on level 3 of the Dungeon.
You visited 1 branch of the dungeon, and saw 3 of its levels.

You collected 51 gold pieces.

Inventory:

Hand Weapons
 a - a +0 mace (weapon)
Missiles
 j - 86 stones (quivered)
 l - 9 sling bullets
 m - 19 bolts
Armour
 b - a +0 robe (worn)
Scrolls
 d - a scroll of silence
 e - a scroll of noise
 f - a scroll of fog
 h - a scroll of teleportation {unknown}
 i - a scroll of identify
 k - a scroll of fear {unknown}
 n - a scroll of enchant weapon {unknown}
Potions
 c - a potion of curing {unknown}
 g - 2 potions of mutation {unknown}


   Skills:
 + Level 3.2 Fighting
 + Level 3.7 Maces & Flails
 + Level 3.1 Dodging
 + Level 1.1 Stealth


You had 3 spell levels left.
You didn't know any spells.
Your spell library contained the following spells:

 Spells                   Type           Power      Damage    Failure   Level
 Magic Dart               Conj           0%         1d3       45%         1
 Call Imp                 Summ           0%         N/A       58%         2
 Mephitic Cloud           Conj/Pois/Air  0%         N/A       83%         3


Dungeon Overview and Level Annotations

Branches:
Dungeon (3/15)

Altars:
Cheibriados

Annotations:
D:3 Sigmund


Innate Abilities, Weirdness & Mutations

You are too large for most types of armour.
You have claws for hands.
Your natural rate of healing is unusually fast.
You are covered in fur. (AC +1)
You have tough skin. (AC +1)


Message History

Aim: Sigmund, wielding a +0 scythe and wearing a +0 robe (lightly wounded, 55% to hit)
You throw a stone. The stone closely misses Sigmund.
Throw: 88 stones
Press: ? - help, Q - select action Shift-Dir - straight line, f/p - Sigmund
Aim: Sigmund, wielding a +0 scythe and wearing a +0 robe (lightly wounded, 55% to hit)
You throw a stone. The stone hits Sigmund.
Sigmund is lightly wounded.
Throw: 87 stones
Press: ? - help, Q - select action Shift-Dir - straight line, f/p - Sigmund
Aim: Sigmund, wielding a +0 scythe and wearing a +0 robe (lightly wounded, 55% to hit)
You throw a stone. The stone hits Sigmund.
Sigmund is lightly wounded.
Sigmund gestures wildly while chanting.
Sigmund flickers and vanishes!
Deactivating autopickup; reactivate with Ctrl-A.
You sock something! Something hits you!
You hit something but do no damage. Something hits you!
You sock something! Something hits you!
A magic dart appears from out of thin air!
The magic dart hits you!
* * * LOW HITPOINT WARNING * * *
A puff of flame appears from out of thin air!
The puff of flame hits you!
* * * LOW HITPOINT WARNING * * *
There is an open door here.
You hear some strange, mumbled words.
A puff of flame appears from out of thin air!
The puff of flame hits you.
* * * LOW HITPOINT WARNING * * *
A magic dart appears from out of thin air!
The magic dart hits you!
* * * LOW HITPOINT WARNING * * *
You are confused.
A magic dart appears from out of thin air!
The magic dart hits you!
* * * LOW HITPOINT WARNING * * *
You're too confused to move!
A magic dart appears from out of thin air!
The magic dart hits you.
You die...

>.........'.............#.##
..........#.................
..........#..........#......
..........#'###......<......
#.....>..##...................
..(...... #...................
#..(.....###......#####.......
..............................
...(#######.@.......##.#...##
. #.(.......#.......##.....#
#.#.....{.....).....##...#.##
#.......#####............#..#
#...........'............+..#
#.......#####............##.#
..............................
##..........######....#.......
............# #....##......


There were no monsters in sight!

Vanquished Creatures
  4 gnolls
  2 adders (D:2)
  2 worms
  A dart slug (D:3)
  An orc (D:3)
  7 ball pythons
  2 bats
  6 endoplasms
  3 giant cockroaches
  2 goblins
  3 hobgoblins (D:2)
  5 kobolds
  4 quokkas
  A frilled lizard (D:1)
  8 rats
51 creatures vanquished.

Notes
Turn   | Place    | Note
-------+----------+-------------------------------------------
     0 | D:1      | issech the Troll Monk began the quest for the Orb.
     0 | D:1      | Reached XP level 1. HP: 22/22 MP: 0/0
   193 | D:1      | Reached XP level 2. HP: 28/29 MP: 1/1
   574 | D:1      | Reached XP level 3. HP: 29/36 MP: 2/2
   629 | D:2      | Found a snail-covered altar of Cheibriados.
   774 | D:2      | Reached XP level 4. HP: 39/45 MP: 3/3
   927 | D:2      | Found a faded altar of an unknown god.
  1527 | D:3      | Noticed Sigmund
  1770 | D:3      | HP: 1/45 [something/magic dart (7)]
  1777 | D:3      | HP: 1/45 [something/magic dart (7)]
  1778 | D:3      | Killed from afar by Sigmund

Illustrated notes

Levels and vault maps discovered:
D:1:      tarquinn_simple_flora_water_e, layout_rooms
D:2:      layout_rooms, basic_altar, serial_corexii_hall,
          chequers_hall_statues_corner_a, chequers_hall_statues_wall_a,
          hellmonk_ecumenical_altar_zigzags, corexii_item_surrounded_by_moat
D:3:      layout_basic, uniq_sigmund

Skill      XL: |  1  2  3 |
---------------+----------+-----
Maces & Flails | 3 |  3.7
Fighting       | 3 |  3.2
Dodging        | 3 |  3.1
Stealth        | |  1.1

Action                   |  1- 3 |  4- 6 || total
-------------------------+-------+-------++-------
Melee: Mace              |    77 |    78 ||   155
Throw: Stone             |       |     5 ||     5
  Use: Scroll            |     3 |       ||     3
 Stab: Sleeping          |       |     2 ||     2
Armor: Robe              |    24 |    31 ||    55
Dodge: Dodged            |    57 |    46 ||   103
